Map: Orbital Shipyard

Players

TomikuS - Winner!

  • Race: Zerg Zerg
  • League: Grandmaster

Matiz

  • Race: Zerg Zerg
  • League: Master

Event: Lycan League Weekly August #2

VOD

Have the link to the VOD?

Description

Time

  • Played on: Aug. 10, 2015, 1:29 p.m.
  • Length: 6:17

All games in this series

Show
View Real Time Build Order
Export as new Build Order

TomikuS Zerg - Winner!

Build Orders: Pool First, Zergling Baneling 

Get SALT Encoding   

  12  0:01  Drone  
  13  0:08  Drone  
  14  0:22  Drone, Extractor  
  14  0:33  Spawning Pool  
  13  0:36  Drone  
  14  0:43  Overlord  
  14  0:53  Drone, Extractor  
  15  1:04  Drone x2  
  17  1:20  Queen  
  17  1:21  Zergling x4  
  21  1:28  Metabolic Boost  
  21  1:31  Zergling x2  
  22  1:52  Hatchery  
  21  1:58  Overlord  
  21  2:12  Drone  
  22  2:26  Baneling Nest  
  21  2:32  Drone x3  
  21  2:33  Overlord  
  24  2:41  Zergling x2  
  24  2:42  Zergling x4  
  27  2:54  Zergling x2  
  27  2:55  Queen  
  29  3:16  Drone x6  
  35  3:20  Baneling  
  35  3:21  Baneling  
  35  3:28  Overlord  
  35  3:36  Baneling x2  
  35  3:39  Overlord  
  35  3:49  Zergling x10  
  35  3:50  Zergling x4  
  42  3:57  Baneling x2  
  42  3:58  Baneling x2  
  42  4:13  Drone x7  
  48  4:28  Zergling x12  
  51  4:37  Zergling x2  
  50  4:40  Zergling x2  
  50  4:45  Zergling x14  
  57  4:46  Zergling x2  
  57  4:57  Evolution Chamber  
  53  5:07  Evolution Chamber  
  53  5:10  Zergling x4  
  53  5:11  Baneling x2, Zergling x4  
  53  5:12  Baneling x2  
  55  5:15  Zergling x6  
  55  5:16  Zergling x4  
  59  5:27  Zergling x6  
  59  5:34  Zergling x2  
  59  5:35  Zergling x4  
  58  5:40  Zergling x2  
  58  5:46  Zergling x4  
  58  5:48  Overlord  
  59  5:51  Overlord  
  59  5:52  Overlord  
  56  5:58  Evolution Chamber, Zergling x8  
Show
View Real Time Build Order
Export as new Build Order

Matiz Zerg 

Build Orders: Pool First 

Get SALT Encoding   

  12  0:01  Drone  
  13  0:12  Overlord  
  13  0:17  Drone  
  14  0:23  Drone, Extractor  
  15  0:31  Drone  
  15  0:35  Drone  
  17  0:45  Spawning Pool  
  17  0:48  Drone  
  17  0:57  Drone  
  17  1:01  Extractor  
  17  1:14  Hatchery  
  16  1:18  Drone  
  16  1:19  Drone  
  18  1:28  Drone  
  19  1:34  Queen  
  21  1:41  Overlord  
  21  1:50  Zergling x2  
  22  1:58  Baneling Nest  
  22  1:59  Spine Crawler  
  20  2:02  Zergling x2  
  21  2:11  Zergling x2  
  22  2:16  Queen  
  22  2:22  Zergling x2  
  25  2:26  Metabolic Boost  
  25  2:41  Drone x3  
  28  2:44  Drone  
  28  2:45  Drone  
  30  2:53  Drone x2  
  30  2:57  Extractor  
  31  3:04  Drone x3  
  33  3:07  Drone  
  33  3:11  Drone  
  34  3:16  Evolution Chamber  
  34  3:17  Drone  
  34  3:21  Drone  
  34  3:22  Drone  
  36  3:32  Overlord  
  36  3:37  Baneling x3  
  36  3:39  Baneling  
  36  3:51  Drone x6  
  36  3:52  Drone x2  
  36  3:55  Extractor  
  43  4:05  Evolution Chamber  
  43  4:06  Overlord  
  43  4:08  Zerg Ground Armor Level 1  
  41  4:27  Zergling x2  
  41  4:28  Drone x2, Zergling x2  
  41  4:29  Drone x5  
  41  4:30  Drone  
  49  4:33  Zergling x2  
  49  4:35  Zergling x2  
  46  4:43  Zergling x4  
  41  4:59  Zergling x8  
  41  5:00  Zergling x2  
  41  5:02  Baneling x2  
  41  5:10  Zergling x4  
  43  5:18  Zergling x4  
  40  5:34  Zergling x8  
  29  5:37  Zergling x6  
  29  5:41  Zergling x2  
  27  5:47  Zergling x4  
  24  5:56  Zergling x2  
  19  6:02  Baneling  

Tags
 
Add a new tag
Caveats
  • Supply blocks, unpowered buildings, or Contaminate may cause inaccurate times.
  • Supply counts are checked every 10 seconds.